 Dungeon Crawl Stone Soup version 0.14-a0-3345-g9255d23 (webtiles) character file.

3074 Quh the Conjurer (level 9, -3/48 HPs)
             Began as a Deep Elf Conjurer on Mar 17, 2014.
             Was a Priest of Vehumet.
             Killed from afar by an electric eel (15 damage)
             ... with a bolt of electricity
             ... on Level 7 of the Dungeon.
             The game lasted 00:52:22 (8075 turns).

Quh the Conjurer (Deep Elf Conjurer)                Turns: 8075, Time: 00:52:22

HP  -3/48        AC  8     Str  8      XL: 9   Next: 42%
MP  34/34        EV 13     Int 21      God: Vehumet [***...]
Gold 301         SH  0     Dex 15      Spells:  5 memorised,  6 levels left

rFire  . . .     SeeInvis +     (no weapon)
rCold  . . .     Clarity  .     J - +0 robe (curse)
rNeg   . . .     Conserve .     (no shield)
rPois  .         rCorr    .     H - +1 helmet {SInv}
rElec  .         rRot     .     (no cloak)
SustAb . .       Spirit   .     (no gloves)
rMut   +         Warding  .     (no boots)
Saprov . . .     Stasis   .     x - amulet of resist mutation
MR     .....                    l - ring of magical power
                                y - cursed +4 ring of protection

@: not resistant to hostile enchantments, fairly stealthy
A: no striking features
a: Renounce Religion


You were on level 7 of the Dungeon.
You worshipped Vehumet.
Vehumet was most pleased with you.
You were hungry.

You visited 2 branches of the dungeon, and saw 8 of its levels.

You collected 301 gold pieces.

Inventory:

Hand weapons
 b - a +2,+0 dagger of speed
 u - a +0,+0 short sword of holy wrath
 w - a +1,+2 flail of crushing
 z - a +2,+0 flail of crushing
Armour
 a - a +1 robe
 H - a +1 helmet of see invisible (worn)
 J - a cursed +0 robe (worn)
Magical devices
 g - a wand of teleportation (3) {unknown}
 i - a wand of random effects (20) {unknown}
 M - a wand of draining (9) {unknown}
Comestibles
 k - 2 chokos
 n - a banana
 D - an apple
 K - 2 meat rations
 O - 2 rotting chunks of rat flesh
 P - 18 cheeses
 Q - a chunk of rat flesh
 R - an apricot
 S - 7 strawberries
Scrolls
 d - a scroll of enchant weapon I
 h - 3 scrolls of enchant armour
 q - a scroll of fog {unknown}
 s - 2 scrolls of immolation {unknown}
 B - 3 scrolls of enchant weapon II
 C - a scroll of noise {unknown}
 E - a scroll of recharging {unknown}
 G - 2 scrolls of remove curse
 N - 3 scrolls of blinking {unknown}
Jewellery
 f - an uncursed ring of sustain abilities
 l - a ring of magical power (right hand)
 m - an uncursed ring of teleportation
 x - an amulet of resist mutation (around neck)
 y - a cursed +4 ring of protection (left hand)
 F - an uncursed amulet of clarity {unknown}
 L - an uncursed ring of flight
Potions
 e - a potion of haste
 j - a potion of restore abilities
 o - a potion of agility
 p - 2 potions of invisibility
 r - 2 potions of resistance
 t - 3 potions of curing {unknown}
 v - a potion of mutation {unknown}
 A - a potion of heal wounds {unknown}
 I - a potion of lignification {unknown}
Books
 c - a book of Conjurations

   Spells                             Type                      Level
   *Magic Dart                        Conjuration                  1
   *Searing Ray                       Conjuration                  2
   Dazzling Spray                     Conjuration/Hexes            3
   Fulminant Prism                    Conjuration/Hexes            4
   Iskenderun's Mystic Blast          Conjuration                  4
   *Iskenderun's Battlesphere         Conjuration/Charms           5


   Skills:
 * Level 2.1 Fighting
 + Level 2.6 Dodging
 - Level 2.4 Stealth
 * Level 5.1 Spellcasting
 + Level 10.7 Conjurations
 + Level 10.2 Charms
 - Level 2.4 Air Magic
 + Level 0.0 Poison Magic
 + Level 2.4 Evocations


You had 6 spell levels left.
You knew the following spells:

 Your Spells              Type           Power        Failure   Level  Hunger
a - Magic Dart            Conj           ####         1%          1    None
b - Searing Ray           Conj           ######       1%          2    None
c - Iskenderun's Battles  Conj/Chrm      #####...     1%          5    #####..
d - Shock                 Conj/Air       ####         1%          1    None
e - Mephitic Cloud        Conj/Pois/Air  ###.....     1%          3    ##.....


Dungeon Overview and Level Annotations

Branches:
Dungeon (7/15)             Temple (1/1) D:4

Altars:
Ashenzari
Cheibriados
Dithmenos
Fedhas
Kikubaaqudgha
Makhleb
Nemelex Xobeh
Okawaru
Sif Muna
Trog
Vehumet
Xom
Yredelemnul
Zin
The Shining One

Shops:
D:4 :


Message History

R - an apricot You hear a distant slurping noise.
An electric eel comes into view.
You see here 7 strawberries.
Found a pear.
You are feeling hungry.
You see here 7 strawberries.
S - 7 strawberries The electric eel shoots out a bolt of electricity!
The bolt of electricity misses you. The bolt of electricity hits you!
You see here a scroll of remove curse.
The electric eel shoots out a bolt of electricity!
The bolt of electricity hits you!
The electric eel shoots out a bolt of electricity!
The bolt of electricity hits you!
The electric eel shoots out a bolt of electricity!
The bolt of electricity hits you!
* * * LOW HITPOINT WARNING * * *
The bolt of electricity hits you!
You die...

............# #####......#
............##♣≈≈♣≈...##.#
............#≈≈≈≈≈P≈.P♣#.#
............♣≈P≈≈≈≈≈.P≈♣..
...........♣≈≈≈≈≈P≈≈.≈≈≈♣#
########.###≈♣P≈≈≈≈≈.≈P≈♣♣
#######.####♣≈≈≈≈≈≈.PP≈≈♣
.............♣≈≈≈P≈≈.≈≈≈≈♣
########@...♣♣♣♣≈≈[%≈≈≈P≈
#.....P♣♣≈≈≈.≈≈≈≈≈
########......≈♣♣≈≈.≈≈≈≈≈
........?.....≈♣♣≈≈.≈≈≈≈≈
.%...........;♣♣♣P≈)≈≈≈≈≈
...♣≈♣♣≈.$.≈♣♣♣≈≈≈)≈≈≈≈≈
..≈≈≈P≈≈♣≈♣PP≈≈≈≈≈.≈≈P≈≈
♣P≈≈≈≈≈≈≈≈≈≈≈P≈≈≈.≈PP≈≈
P≈≈P≈≈≈≈≈≈≈≈≈≈≈≈≈.≈≈≈≈♣


You could see an electric eel.

Vanquished Creatures
  Edmund (D:3)
  A black bear (D:6)
  A phantom (D:6)
  An orc warrior (D:6)
  3 ogres
  2 giant goldfish (D:7)
  2 centaurs
  A big kobold (D:6)
  2 giant frogs (D:7)
  2 scorpions
  3 crimson imps
  The ghost of Vidiiot the Charlatan, a weakling TeAr (D:4)
  A hound (D:6)
  A gnoll shaman (D:5)
  4 electric eels (D:7)
  2 orc priests
  A centaur skeleton (D:5)
  3 jellies
  2 iguanas
  A two-headed ogre zombie (D:6)
  2 big fish (D:7)
  6 orc wizards
  7 worker ants
  Natasha (thrice) (D:4)
  An orange rat (D:7)
  A big kobold skeleton (D:7)
  An ogre skeleton (D:5)
  A mummy (D:6)
  10 gnolls
  7 adders
  5 green rats (D:7)
  A shadow imp (D:6)
  2 giant mites
  An inept feature mimic (D:7)
  5 worms
  An adder zombie (D:5)
  A giant gecko (D:6)
  3 oozes
  28 orcs
  A bat skeleton (D:5)
  A bat zombie (D:7)
  3 giant cockroaches
  A giant mite zombie (D:5)
  11 hobgoblins
  6 jackals
  A ball python (D:5)
  9 bats
  A giant gecko skeleton (D:4)
  5 giant newts
  A giant spore (D:6)
  7 goblins
  2 hobgoblin skeletons
  A hobgoblin zombie (D:5)
  19 kobolds
  A kobold zombie (D:6)
  4 quokkas
  26 rats
  A rat skeleton (D:4)
222 creatures vanquished.

Notes
Turn   | Place    | Note
--------------------------------------------------------------
     0 | D:1      | Quh, the Deep Elf Conjurer, began the quest for the Orb.
     0 | D:1      | Reached XP level 1. HP: 10/10 MP: 5/5
   268 | D:1      | Reached XP level 2. HP: 12/15 MP: 3/8
   331 | D:1      | Reached skill level 5 in Conjurations
   834 | D:2      | Learned a level 2 spell: Searing Ray
   887 | D:2      | Reached XP level 3. HP: 19/19 MP: 10/10
  1134 | D:2      | Reached skill level 6 in Conjurations
  1142 | D:2      | Reached XP level 4. HP: 12/24 MP: 4/13
  2292 | D:3      | Reached skill level 7 in Conjurations
  2292 | D:3      | Reached XP level 5. HP: 28/28 MP: 13/16
  2920 | D:3      | Learned a level 5 spell: Iskenderun's Battlesphere
  3174 | D:4      | Reached skill level 1 in Charms
  3175 | D:4      | Noticed Vidiiot's ghost (weakling TeAr)
  3411 | D:4      | Reached XP level 6. HP: 9/32 MP: 7/18
  3536 | D:4      | Killed Vidiiot's ghost
  3569 | D:4      | Noticed Edmund
  3588 | D:3      | Killed Edmund
  3588 | D:3      | Reached skill level 8 in Conjurations
  3764 | D:4      | Noticed Natasha
  3768 | D:4      | Killed Natasha
  3792 | D:4      | Noticed an ogre
  3797 | D:4      | Noticed Natasha
  3798 | D:4      | Killed an ogre
  3798 | D:4      | Reached skill level 5 in Charms
  3798 | D:4      | Reached XP level 7. HP: 36/36 MP: 19/20
  3800 | D:4      | Killed Natasha
  4060 | D:4      | Found a staircase to the Ecumenical Temple.
  4074 | Temple   | Entered the Ecumenical Temple
  4127 | Temple   | Became a worshipper of Vehumet
  4215 | D:4      | Found Aranunun's Book Boutique.
  4242 | D:4      | Reached skill level 9 in Conjurations
  4298 | D:4      | Noticed Natasha
  4298 | D:4      | Killed Natasha
  4547 | D:5      | Entered Level 5 of the Dungeon
  4839 | D:5      | Acquired Vehumet's first power
  4839 | D:5      | Offered knowledge of Sandblast by Vehumet.
  5289 | D:5      | Reached XP level 8. HP: 41/41 MP: 17/21
  5608 | D:6      | Offered knowledge of Shock by Vehumet.
  5640 | D:6      | Reached skill level 10 in Conjurations
  5668 | D:6      | Learned a level 1 spell: Shock
  5997 | D:6      | Found a blossoming altar of Fedhas.
  6026 | D:6      | Reached skill level 1 in Air Magic
  6041 | D:6      | Reached skill level 1 in Evocations
  6253 | D:6      | Offered knowledge of Static Discharge by Vehumet.
  6253 | D:6      | Reached XP level 9. HP: 46/46 MP: 23/23
  6351 | D:7      | Reached skill level 1 in Fighting
  6634 | D:7      | Reached skill level 10 in Charms
  7490 | D:7      | Acquired Vehumet's second power
  7689 | D:7      | Reached skill level 5 in Spellcasting
  7713 | D:7      | Offered knowledge of Mephitic Cloud by Vehumet.
  7736 | D:7      | Learned a level 3 spell: Mephitic Cloud
  8075 | D:7      | Killed from afar by an electric eel

Action                   |  1- 3 |  4- 6 |  7- 9 || total
-------------------------+-------+-------+-------++-------
Melee: Unarmed           |       |     2 |     4 ||     6
 Cast: Magic Dart        |    74 |   100 |   246 ||   420
       Searing Ray       |     9 |    37 |    77 ||   123
       Iskenderun's Batt |       |     3 |    32 ||    35
       Shock             |       |       |     6 ||     6
  Use: Scroll            |     2 |     6 |     2 ||    10
